AoeStats
← groger

Arabia

509681257Analyzed
1v1 RM · 5d ago on Sep 27, 2026· 35m 6s· 2 players
Game mode
Random Map
Map size
Tiny (2 player)
Population
200
Speed
Normal
Resources
Standard
Victory
Conquest
Starting age
Dark Age
Ending age
Imperial Age
RankedLock teamsTeams togetherTeam positionsShared explorationLock speedFull tech treeHidden civsTurbo modeCheats
Victory
Defeat
🇺🇸 Teutons · United States
417
+17
🇺🇸 Vikings · United States
437
-17
groger
9:57 Feudal Age
11:39 Horse Collar
14:29 Double-Bit Axe
20:07 Fletching
21:07 Gold Mining
21:45 Arson
26:59 Castle Age
29:14 Elite Skirmisher
30:21 Forging
30:13 Scale Mail Armor
30:09 Bodkin Arrow
ECRAB
9:07 Loom
14:10 Feudal Age
15:28 Town Watch
19:05 Double-Bit Axe
21:29 Man-at-Arms
Connection lost

Rejoining the realm…

Still unreachable

The connection could not be restored.

Session expired

The server has moved on; the page needs a fresh start.